 Dungeon Crawl Stone Soup version bcrawl-1.36.1 (webtiles) character file.

Game seed: 14591255167338637480

149445 Morbidden the Cudgeler (level 6, -6/62 HPs)
             Began as an Ogre Archaeologist on May 17, 2022.
             Mangled by an ogre
             ... wielding a +0 giant spiked club
              (12 damage)
             ... on level 5 of the Dungeon.
             The game lasted 00:06:36 (4559 turns).

Morbidden the Cudgeler (Ogre Archaeologist)         Turns: 4559, Time: 00:06:37

Health: -6/62      AC:  5    Str: 17    XL:     6   Next: 98%
Magic:  9/9        EV: 10    Int: 16    God:
Gold:   322        SH:  0    Dex:  7    Spells: 9/9 levels left

rFire    . . .     SeeInvis .   a - +0 giant club
rCold    + . .     Gourm    .   (shield currently unavailable)
rNeg     . . .     Faith    .   c - +1 robe
rPois    .         Spirit   .   d - +1 hat
rElec    .         Reflect  .   (no cloak)
rCorr    .                      (gloves unavailable)
MR       .....                  (boots unavailable)
Stlth    ++........             (no amulet)
HPRegen  0.20/turn              r - ring of protection from cold
MPRegen  0.11/turn              (no ring)

@: studying Conjurations
A: large, unfitting armour, tough skin 1
a: no special abilities


You were on level 5 of the Dungeon.
You were hungry.

You visited 1 branch of the dungeon, and saw 5 of its levels.

You collected 322 gold pieces.

Inventory:

Hand Weapons
 a - a +0 giant club (weapon)
 b - a +0 blowgun
Missiles
 f - 5 curare-tipped needles
 o - 172 poisoned needles
Armour
 c - a +1 robe (worn)
 d - a +1 hat (worn)
 l - a +1 robe
Jewellery
 r - a ring of protection from cold (left hand)
 x - an uncursed ring of wizardry {unknown}
Wands
 h - a wand of polymorph (5)
 v - a wand of flame (12)
Scrolls
 g - 2 scrolls of magic mapping
 i - 5 scrolls of identify
 m - 2 scrolls of remove curse {unknown}
 p - a scroll of enchant weapon {unknown}
 q - a scroll of enchant armour {unknown}
 s - 3 scrolls of teleportation {unknown}
 t - a scroll of fog {unknown}
 u - 2 scrolls of amnesia {unknown}
Potions
 j - 2 potions of haste {unknown}
 k - a potion of cancellation {unknown}
 n - a potion of lignification {unknown}
 w - a potion of heal wounds
Comestibles
 e - 5 rations {!d}


   Skills:
 * Level 3.8 Fighting
 * Level 4.6 Maces & Flails
 * Level 1.7 Throwing
 * Level 4.0 Dodging
 * Level 3.2 Stealth
 * Level 2.0 Spellcasting


You had 9 spell levels left.
You didn't know any spells.
Your spell library was empty.

Dungeon Overview and Level Annotations

Branches:
Dungeon (5/12)
 Temple: D:4-7

Altars:
Yredelemnul

Annotations:
D:4 3 runed doors, Merkolit's ghost, amateur OgRe


Innate Abilities, Weirdness & Mutations

You are too large for most types of armour.
You have tough skin. (AC +1)


Message History

You hit the ogre.
The ogre is severely wounded.
The ogre barely misses you.
No path to travel!
You barely miss the ogre.
The ogre is severely wounded.
The ogre hits you with a +0 giant spiked club.
No path to travel!
You barely miss the ogre.
The ogre is severely wounded.
The ogre looks more healthy.
The ogre hits you with a +0 giant spiked club!!
* * * LOW HITPOINT WARNING * * *
A hound comes into view.
The hound barks!
No path to travel!
You sock the ogre!
The ogre is almost dead.
The ogre hits you with a +0 giant spiked club!
You die...

.## ..
#####..##.
#........
#.......
#......##
.....h.
######...#
......O@#
..###..#..#
#.. .##
.... ##
.#### .. .


You could see an ogre and a hound.

Vanquished Creatures
  An ogre (D:4)
  A bullfrog zombie (D:3)
  A hound (D:4)
  Ijyb (D:4)
  An iguana (D:3)
  Terence (D:2)
  A hound zombie (D:2)
  A howler monkey zombie (D:4)
  9 adders
  An ooze (D:1)
  An adder skeleton (D:2)
  2 adder zombies
  2 worms
  2 dart slugs (D:1)
  4 leopard geckos
  4 orcs
  3 ball pythons
  5 bats
  3 giant cockroaches
  7 goblins
  6 hobgoblins
  3 jackals (D:4)
  8 kobolds
  5 quokkas
  A ball python skeleton (D:2)
  4 frilled lizards
  A jackal skeleton (D:2)
  5 rats
84 creatures vanquished.

Notes
Turn   | Place    | Note
-------+----------+-------------------------------------------
     0 | D:1      | Morbidden the Ogre Archaeologist began the quest for the
                  | Orb.
     0 | D:1      | Reached XP level 1. HP: 19/19 MP: 1/1
    22 | D:1      | Reached XP level 2. HP: 18/28 MP: 2/2
   623 | D:1      | Reached XP level 3. HP: 30/35 MP: 3/3
  1206 | D:2      | Noticed Terence
  1261 | D:2      | Killed Terence
  1262 | D:2      | Reached XP level 4. HP: 34/42 MP: 3/5
  1583 | D:2      | Reached skill level 1 in Spellcasting
  2129 | D:3      | Reached skill level 1 in Throwing
  2129 | D:3      | Reached XP level 5. HP: 28/50 MP: 6/6
  2129 | D:3      | Identified a scroll of acquirement
  2129 | D:3      | Identified the ring of Peyzeocu {rElec Str+2 Int-3 Dex+2}
                  | (You acquired it on level 3 of the Dungeon)
  3276 | D:3      | Reached XP level 6. HP: 31/61 MP: 8/8
  3764 | D:4      | Found a runed gate.
  3764 | D:4      | Found a runed gate.
  3764 | D:4      | Found a runed gate.
  3764 | D:4      | Noticed Merkolit's ghost (amateur OgRe)
  3767 | D:4      | Found a basalt altar of Yredelemnul.
  4013 | D:4      | Noticed Ijyb
  4032 | D:4      | Killed Ijyb
  4551 | D:5      | Entered Level 5 of the Dungeon
  4559 | D:5      | Mangled by an ogre

Skill      XL: |  1  2  3  4  5  6 |
---------------+-------------------+-----
Dodging        | 3 4 |  4.0
Fighting       | 2 3 |  3.8
Maces & Flails | 2 3 4 |  4.6
Spellcasting   | 1 2 |  2.0
Throwing       | 1 |  1.7
Stealth        | 3 |  3.2

Action                   |  1- 3 |  4- 6 || total
-------------------------+-------+-------++-------
Melee: Whip              |   185 |     2 ||   187
       Flail             |       |   285 ||   285
       Giant club        |       |    22 ||    22
 Fire: Blowgun           |       |    13 ||    13
  Use: Potion            |     4 |       ||     4
       Scroll            |       |     1 ||     1
 Stab: Sleeping          |     4 |     3 ||     7
  Eat: Chunk             |     5 |    22 ||    27
Armor: Robe              |    67 |    96 ||   163
       Skin              |       |     8 ||     8
Dodge: Dodged            |   109 |   184 ||   293
